 Dungeon Crawl Stone Soup version 0.24.0-13-gcf9b3192b9 (webtiles) character file.

Game seed: 2030348535975946183, levelgen mode: deterministic

21783 Johnny the Carver (level 12, -2/104 HPs)
             Began as a Troll Berserker on Nov 10, 2019.
             Was a High Priest of Trog.
             Engulfed by a cloud of freezing vapour (18 damage)
             ... in an ice cave.
             The game lasted 00:18:17 (12214 turns).

Johnny the Carver (Troll Berserker)                Turns: 12214, Time: 00:18:17

Health: -2/104     AC:  8    Str: 32    XL:     12   Next: 57%
Magic:  11/11      EV:  9    Int:  3    God:    Trog [*****.]
Gold:   1056       SH: 26    Dex: 12    Spells: 11/11 levels left

rFire    . . .     SeeInvis .   H - +4 long sword
rCold    . . .     Gourm    +   D - +18 shield of the Gong {rElec rN+ MR+ EV-5}
rNeg     + . .     Faith    .   F - +0 troll leather armour
rPois    .         Spirit   .   y - +0 hat {MR+}
rElec    +         Reflect  .   (no cloak)
rCorr    .         Harm     .   (gloves unavailable)
MR       ++...                  (boots unavailable)
Stlth    +.........             A - amulet of the acrobat
HPRegen  1.07/turn              l - +3 ring of dexterity
MPRegen  0.12/turn              n - +2 ring of evasion

@: about to teleport
A: large, unfitting armour, claws 3, fast metabolism 3, gourmand, regeneration
1, shaggy fur 1, tough skin 3
a: Berserk, Trog's Hand, Brothers in Arms, Renounce Religion


You were in an ice cave.
You worshipped Trog.
Trog was extremely pleased with you.
You were not hungry.

You visited 4 branches of the dungeon, and saw 17 of its levels.
You also visited: Ice Cave.

You collected 1084 gold pieces.
You spent 28 gold pieces at shops.

Inventory:

Hand Weapons
 f - a +1 great sword of electrocution
 H - a +4 long sword (weapon)
Armour
 y - a +0 hat of magic resistance (worn)
 z - a +2 robe of positive energy
 D - the +18 shield of the Gong (worn) {rElec rN+ MR+ EV-5}
   (You found it on level 1 of the Lair of Beasts)

   It affects your evasion (-5).
   It insulates you from electricity.
   It protects you from negative energy.
   It affects your resistance to hostile enchantments.
 F - a +0 troll leather armour (worn)
Jewellery
 a - a +2 ring of intelligence
 l - a +3 ring of dexterity (left claw)
 n - a +2 ring of evasion (right claw)
 A - an amulet of the acrobat (around neck)
Scrolls
 d - 5 scrolls of teleportation
 j - 5 scrolls of remove curse
 q - a scroll of amnesia {unknown}
 s - 2 scrolls of enchant weapon
 t - 4 scrolls of magic mapping
 w - 2 scrolls of blinking {unknown}
 x - 2 scrolls of immolation {unknown}
 C - 4 scrolls of enchant armour {unknown}
 J - a scroll of noise {unknown}
 K - a scroll of random uselessness {unknown}
 L - 5 scrolls of identify
Potions
 b - a potion of ambrosia {unknown}
 e - 3 potions of brilliance {unknown}
 h - a potion of invisibility
 i - 3 potions of magic
 k - a potion of agility {unknown}
 m - a potion of lignification {unknown}
 o - 3 potions of flight {unknown}
 p - 4 potions of curing
 r - 4 potions of degeneration {unknown}
 B - 2 potions of mutation {unknown}
 E - a potion of resistance {unknown}
 G - a potion of haste {unknown}
 I - a potion of berserk rage {unknown}
 M - a potion of might {unknown}
Miscellaneous
 v - a lamp of fire (inert)
Comestibles
 c - 29 rations


   Skills:
 - Level 2.9 Fighting
 * Level 14.2 Long Blades
 + Level 10.6 Dodging


You had 11 spell levels left.
You didn't know any spells.
Your spell library contained the following spells:

 Spells                   Type           Power        Failure   Level  Hunger
 Animate Skeleton         Necr           N/A          99%         1    ##.....
 Beastly Appendage        Tmut           #.....       99%         1    ##.....
 Magic Dart               Conj           #...         99%         1    ##.....
 Pain                     Necr           #...         99%         1    ##.....
 Shock                    Conj/Air       #...         99%         1    ##.....
 Poisonous Vapours        Pois/Air       #.....       100%        2    ###....
 Searing Ray              Conj           #.....       100%        2    ###....
 Sticks to Snakes         Tmut           #.......     100%        2    ###....
 Swiftness                Chrm/Air       #.......     100%        2    ###....
 Conjure Flame            Conj/Fire      #.......     100%        3    ####...
 Dazzling Spray           Conj/Hex       #.....       100%        3    ####...
 Mephitic Cloud           Conj/Pois/Air  #.......     100%        3    ####...
 Regeneration             Chrm/Necr      #.........   100%        3    ####...
 Spider Form              Tmut/Pois      #.........   100%        3    ####...
 Static Discharge         Conj/Air       #.......     100%        3    ####...
 Vampiric Draining        Necr           #.........   100%        3    ####...
 Airstrike                Air            #.........   100%        4    #####..
 Animate Dead             Necr           N/A          100%        4    #####..
 Force Lance              Conj/Tloc      #.......     100%        4    #####..
 Fulminant Prism          Conj/Hex       #.........   100%        4    #####..
 Ice Form                 Ice/Tmut       #.......     100%        4    #####..
 Iskenderun's Mystic Bla  Conj           #.......     100%        4    #####..
 Blade Hands              Tmut           #.........   100%        5    ######.
 Bolt of Magma            Conj/Fire/Erth #.........   100%        5    ######.
 Iskenderun's Battlesphe  Conj/Chrm      #.......     100%        5    ######.
 Lightning Bolt           Conj/Air       #.........   100%        5    ######.
 Venom Bolt               Conj/Pois      #.........   100%        5    ######.
 Freezing Cloud           Conj/Ice/Air   #.........   100%        6    #######
 Iron Shot                Conj/Erth      #.........   100%        6    #######
 Orb of Destruction       Conj           #.........   100%        7    #######
 Ring of Flames           Chrm/Fire      #.........   100%        7    #######
 Spellforged Servitor     Conj/Summ      #.........   100%        7    #######


Dungeon Overview and Level Annotations

Branches:
Dungeon (13/15)            Temple (1/1) D:5            Lair (1/6) D:10
    Orc (2/2) D:10          IceCv (1/1)
    Elf: Orc:2       Vaults: D:13-14

Altars:
Ashenzari
Cheibriados
Dithmenos
Elyvilon
Fedhas
Gozag
Hepliaklqana
Makhleb
Nemelex Xobeh
Okawaru
Qazlal
Ru
Sif Muna
Trog
Uskayaw
Vehumet
Wu Jian
Xom
Zin
The Shining One

Shops:
D:5 =   D:6 *   Orc:1 [


Innate Abilities, Weirdness & Mutations

You are too large for most types of armour.
You have claws for hands.
Your metabolism is lightning-fast.
You like to eat raw meat.
Your natural rate of healing is unusually fast.
You are covered in fur. (AC +1)
You have extremely tough skin. (AC +3)


Message History

You feel much better.
You are engulfed in freezing vapours.
* * * LOW HITPOINT WARNING * * *
Unknown command.
Unknown command.
You start resting.
You are engulfed in freezing vapours.
* * * LOW HITPOINT WARNING * * *
Unknown command.
As you read the scroll of teleportation, it crumbles to dust.
You feel strangely unstable.
You are engulfed in freezing vapours.
* * * LOW HITPOINT WARNING * * *
Unknown command.
Okay, then.
Okay, then.
Okay, then.
Evoke which item? (* to show all) (? for menu, Esc to quit)
Okay, then.
It was a potion of curing.
You feel better.
You are engulfed in freezing vapours.
You die...

#..##.#.##
#..#....##
#..##....#
##..#....#
#§.##..[#
##§§#.[##
#.§####
##§###
##§@#
#§§§.#
##§§##
####


There were no monsters in sight!

Vanquished Creatures
  Gastronok (D:9)
  Harold (D:7)
  Erolcha (D:9)
  A two-headed ogre (D:12)
  A deep elf mage (D:11)
  An orc sorcerer (Orc:1)
  An oklob plant (D:11)
  A cyclops (D:12)
  Joseph (D:9)
  A spiny frog (Lair:1)
  2 ice statues (IceCv)
  3 kobold demonologists
  The ghost of hofbold the Magician, a novice DEVM (D:5)
  5 trolls
  2 ice devils (IceCv)
  2 hornets
  A blink frog (Lair:1)
  3 hippogriffs
  A wandering mushroom (D:11)
  2 wyverns
  2 hungry ghosts
  A vampire mosquito (D:11)
  Edmund (D:5)
  Menkaure (D:4)
  2 wargs
  An acid dragon (D:11)
  A soldier ant (D:11)
  A floating eye (D:11)
  9 ice beasts
  3 sky beasts
  10 orc warriors
  2 black bears
  7 ogres
  3 necrophages
  4 phantoms
  4 eyes of draining
  4 centaurs
  A crocodile (D:11)
  2 big kobolds
  10 bullfrogs
  A wyvern zombie (D:11)
  A wyvern skeleton (D:12)
  2 scorpions
  6 killer bees
  4 wights (D:12)
  5 jellies
  3 crimson imps
  A centaur zombie (D:11)
  A bullfrog zombie (D:8)
  A gnoll shaman (D:10)
  3 centaur skeletons
  5 orc priests
  4 hounds
  3 iguanas
  10 orc wizards
  8 worker ants
  Natasha (thrice) (D:2)
  2 hound zombies
  A hound skeleton (D:10)
  16 adders
  6 gnolls
  A shadow imp (D:8)
  5 white imps (IceCv)
  6 ufetubi (IceCv)
  7 oozes
  2 adder skeletons
  5 worms
  10 leopard geckos
  39 orcs
  4 bats
  5 giant cockroaches
  9 goblins
  8 hobgoblins
  17 jackals
  14 kobolds
  5 quokkas
  A ball python (D:4)
  6 frilled lizards
  A jackal zombie (D:6)
  7 rats
339 creatures vanquished.

Vanquished Creatures (collateral kills)
  A hydra (D:11)
  A shambling mangrove (D:11)
  An ugly thing (D:12)
  A centaur skeleton (D:11)
  3 ice devils (IceCv)
  3 hornets (D:11)
  An ogre (D:11)
  5 centaurs
  A gnoll sergeant (D:11)
  5 wights (D:11)
  An orc wizard (D:12)
  2 gnolls (D:11)
  A white imp (IceCv)
  3 ufetubi (IceCv)
29 creatures vanquished.

Vanquished Creatures (others)
  A white imp (IceCv)
  2 ufetubi (IceCv)
  2 plants (D:11)
5 creatures vanquished.

Grand Total: 373 creatures vanquished

Notes
Turn   | Place    | Note
-------+----------+-------------------------------------------
     0 | D:1      | Johnny the Troll Berserker began the quest for the Orb.
     0 | D:1      | Reached XP level 1. HP: 22/22 MP: 0/0
    86 | D:1      | Reached XP level 2. HP: 29/29 MP: 1/1
   360 | D:1      | Reached skill level 3 in Long Blades
   391 | D:1      | Reached XP level 3. HP: 32/36 MP: 2/2
   524 | D:1      | Reached ** piety under Trog
   956 | D:2      | Found a radiant altar of Vehumet.
   990 | D:2      | Reached XP level 4. HP: 31/44 MP: 3/3
  1110 | D:2      | Noticed Natasha
  1121 | D:2      | Killed Natasha
  1214 | D:2      | Noticed Natasha
  1225 | D:2      | Killed Natasha
  1225 | D:2      | Reached XP level 5. HP: 52/52 MP: 4/4
  1230 | D:2      | Reached skill level 4 in Long Blades
  1253 | D:2      | Noticed Natasha
  1273 | D:2      | Killed Natasha
  1452 | D:2      | Noticed a centaur
  1465 | D:2      | Killed a centaur
  1465 | D:2      | Reached XP level 6. HP: 42/59 MP: 5/5
  1585 | D:3      | Found a shimmering altar of Xom.
  1585 | D:3      | Found an ornate altar of the Wu Jian Council.
  1723 | D:3      | Found a bloodstained altar of Trog.
  1744 | D:3      | Reached skill level 5 in Long Blades
  1761 | D:3      | Reached XP level 7. HP: 66/66 MP: 1/6
  1822 | D:3      | Reached *** piety under Trog
  2219 | D:3      | Found a hide-covered altar of Uskayaw.
  2568 | D:4      | Reached skill level 6 in Long Blades
  2645 | D:4      | Noticed Menkaure
  2651 | D:4      | Killed Menkaure
  2690 | D:5      | Entered Level 5 of the Dungeon
  2739 | D:5      | Found a staircase to the Ecumenical Temple.
  2764 | D:5      | Noticed Edmund
  2782 | D:5      | Killed Edmund
  2782 | D:5      | Reached skill level 5 in Dodging
  2782 | D:5      | Reached XP level 8. HP: 74/74 MP: 7/7
  2796 | D:5      | Noticed hofbold's ghost (novice DEVM)
  2822 | D:5      | Found a transporter.
  2826 | D:5      | Found a transporter.
  2880 | D:5      | Found Samint's Jewellery Shoppe.
  3042 | D:5      | Reached skill level 7 in Long Blades
  3487 | Temple   | Entered the Ecumenical Temple
  3650 | D:6      | Reached **** piety under Trog
  4053 | D:6      | Found Uqash's General Store.
  4067 | D:6      | Bought a scroll of identify for 28 gold pieces
  4143 | D:6      | Reached skill level 8 in Long Blades
  4385 | D:6      | Found a sparkling altar of Nemelex Xobeh.
  4588 | D:6      | Found a shattered altar of Ashenzari.
  4699 | D:7      | Noticed Harold
  4728 | D:7      | Killed Harold
  4728 | D:7      | Reached XP level 9. HP: 30/80 MP: 8/8
  4902 | D:7      | Reached skill level 9 in Long Blades
  6280 | D:8      | Reached skill level 10 in Long Blades
  6441 | D:8      | Received a gift from Trog
  6462 | D:8      | Reached XP level 10. HP: 89/89 MP: 9/9
  6977 | D:9      | Noticed Gastronok
  6996 | D:9      | Killed Gastronok
  7110 | D:9      | Noticed Erolcha
  7130 | D:9      | Killed Erolcha
  7130 | D:9      | Reached skill level 11 in Long Blades
  7572 | D:9      | Noticed Joseph
  7575 | D:9      | Noticed a sixfirhy
  7754 | D:9      | Killed Joseph
  7941 | D:10     | Entered Level 10 of the Dungeon
  7941 | D:10     | Found a staircase to the Orcish Mines.
  8097 | D:10     | Reached XP level 11. HP: 96/96 MP: 10/10
  8169 | D:10     | Reached ***** piety under Trog
  8438 | D:10     | Found a staircase to the Lair.
  8720 | Lair:1   | Entered Level 1 of the Lair of Beasts
  8720 | Lair:1   | Found the +18 shield of the Gong {rElec rN+ MR+ EV-5}
  8741 | Lair:1   | Reached skill level 12 in Long Blades
  8924 | D:11     | Noticed a seven-headed hydra
  9243 | D:11     | Killed a seven-headed hydra
  9458 | D:11     | Noticed an oklob plant
  9466 | D:11     | an oklob plant changed into a wandering mushroom
  9466 | D:11     | Paralysed by a floating eye for 2 turns
  9468 | D:11     | Noticed an oklob plant
  9469 | D:11     | Paralysed by a floating eye for 4 turns
  9477 | D:11     | Noticed an oklob plant
  9484 | D:11     | Noticed a shambling mangrove
  9484 | D:11     | an oklob plant changed into a shambling mangrove
  9495 | D:11     | Killed a shambling mangrove
  9734 | D:11     | Noticed a deep elf mage
  9745 | D:11     | Killed a deep elf mage
  9807 | D:11     | Reached skill level 13 in Long Blades
  9915 | D:11     | Noticed a soul eater
 10103 | D:12     | Noticed a two-headed ogre
 10116 | D:12     | Killed a two-headed ogre
 10116 | D:12     | Reached skill level 10 in Dodging
 10116 | D:12     | Reached XP level 12. HP: 104/104 MP: 11/11
 10347 | D:12     | Found a sparkling altar of Nemelex Xobeh.
 10473 | D:12     | Received a gift from Trog
 10724 | D:13     | Noticed a catoblepas
 11281 | D:5      | Killed hofbold's ghost
 11435 | Orc:1    | Entered Level 1 of the Orcish Mines
 11594 | Orc:2    | Entered Level 2 of the Orcish Mines
 11649 | Orc:1    | Found Ilyps's Antique Armour Boutique.
 11734 | Orc:1    | Found a frozen archway.
 11782 | Orc:1    | Reached skill level 14 in Long Blades
 11799 | IceCv    | Entered an ice cave
 11837 | IceCv    | Received a gift from Trog
 12214 | IceCv    | Engulfed by a cloud of freezing vapour

Levels and vault maps discovered:
D:1:      scummos_arrival_hexagon, layout_basic
D:2:      layout_basic, lemuel_doored_altar, uniq_natasha
D:3:      layout_loops_ring, trog_eyes_of_draining,
          lemuel_coloured_pillars_altar, grunt_temple_overflow_open,
          minivault_26
D:4:      layout_cave_pools, uniq_menkaure
D:5:      layout_gridville, minmay_temple_entry_large_hall, serial_shops, shop,
          first_ration, gammafunk_ghost_hive, minmay_checkerbox, uniq_edmund
D:6:      layout_gridville, lemuel_crystal_altar, basic_altar, serial_shops,
          nicolae_shop_statue_plus, kennysheep_small_square
D:7:      layout_basic, chequers_avenue, uniq_harold
D:8:      layout_loops_corners, hangedman_little_slice_of_home
D:9:      layout_cave_pods, uniq_gastronok, uniq_joseph, uniq_erolcha
D:10:     layout_long_grid, grunt_lair_entry_orc_guard_hut, orc_0_dummy,
          minmay_crystal_room
D:11:     kennysheep_windowed_halls, layout_long_grid, disabler_island
D:12:     layout_layer_cave, basic_altar, chequers_garden
D:13:     layout_cave_pools, erik_vaults_1, kennysheep_generic_room_10
Temple:   eino_temple_rhombus
Lair:1:   layout_regular_city, grunt_forest_large_clearings, lemuel_fruit_tree,
          uniq_fannar
Orc:1:    layout_caves, serial_shops, shop, portal_ice_cave_entry_ice_beasts,
          nicolae_orc_rockfall
Orc:2:    pf_orc_diabolical, layout_diamond_mine
IceCv:    ice_cave_small_demon

Skill      XL: |  1  2  3  4  5  6  7  8  9 10 11 12 |
---------------+-------------------------------------+-----
Long Blades    | 3 4 5 6 8 10 11 13 14 | 14.2
Dodging        | 3 4 5 6 7 8 10 | 10.6
Fighting       | |  2.9

Action                   |  1- 3 |  4- 6 |  7- 9 | 10-12 || total
-------------------------+-------+-------+-------+-------++-------
Melee: Falchion          |   130 |   166 |   473 |   189 ||   958
       Long sword        |       |       |       |   590 ||   590
Invok: Berserk           |       |     5 |     9 |    12 ||    26
       Trog's Hand       |       |     1 |       |       ||     1
       Brothers in Arms  |       |       |       |     4 ||     4
Evoke: Wand              |       |       |     3 |    24 ||    27
       Lamp of fire      |       |       |     1 |     2 ||     3
  Use: Scroll            |       |       |    11 |     7 ||    18
       Potion            |       |       |       |     4 ||     4
 Stab: Sleeping          |     1 |       |     3 |       ||     4
  Eat: Chunk             |    14 |    13 |    53 |    50 ||   130
       Ration            |       |       |       |     5 ||     5
Armor: Animal skin       |    60 |    86 |   111 |     4 ||   261
       Robe              |       |       |       |    29 ||    29
       Troll leather arm |       |       |       |   124 ||   124
Dodge: Dodged            |    81 |   118 |   256 |   233 ||   688
Block: Shield            |       |       |       |   690 ||   690
       Rpst.: Falchion   |    27 |    48 |    83 |    23 ||   181
       Long sword        |       |       |       |    33 ||    33
